AoeStats
← John Hawkwood

Hideout

509431960Analyzed
1v1 RM · 6d ago on Sep 26, 2026· 31m 29s· 2 players
Game mode
Random Map
Map size
Tiny (2 player)
Population
200
Speed
Normal
Resources
Standard
Victory
Conquest
Starting age
Dark Age
Ending age
Imperial Age
RankedLock teamsTeams togetherTeam positionsShared explorationLock speedFull tech treeHidden civsTurbo modeCheats
Victory
Defeat
🇨🇳 Armenians · China
1017
+16
🇺🇸 Mongols · United States
1026
-16
水果湖一杯倒
7:11 Loom
9:09 Feudal Age
9:40 Man-at-Arms
10:49 Arson
13:14 Town Watch
16:19 Long Swordsman
18:15 Scale Mail Armor
18:26 Forging
18:07 Fletching
19:56 Double-Bit Axe
20:46 Horse Collar
28:03 Castle Age
27:03 Padded Archer Armor
28:57 Bodkin Arrow
28:26 Elite Skirmisher
29:45 Leather Archer Armor
John Hawkwood
11:32 Feudal Age
11:47 Loom
16:27 Castle Age
15:27 Fletching
21:43 Crossbowman
23:28 Double-Bit Axe
24:34 Padded Archer Armor
28:08 Bodkin Arrow
29:32 Leather Archer Armor
31:50 Masonry
Connection lost

Rejoining the realm…

Still unreachable

The connection could not be restored.

Session expired

The server has moved on; the page needs a fresh start.